Get step-by-step instructions on how to execute this build order below. Start the game timer, and the build order will tick by so you can play in parallel with StarCraft on a second screen or mobile device.

Game Time

  0:00

Last Step

  N/A

Next Step

Upcoming Step



Don't want to look back and forth between 2 screens? Try out our Overwolf App, the Spawning Tool Build Advisor to get an in-game overlay with this build!

Complete Build Order

  12  0:00  Drone  
  13  0:08  Drone  
  14  0:14  Extractor, Drone  
  15  0:37  Hatchery  
  15  0:42  Extractor, Drone  
  14  0:48  Overlord  
  15  1:02  Spawning Pool  
  14  1:06  Drone  
  14  1:10  Drone  
  16  1:13  Drone  
  16  1:18  Drone  
  18  1:23  Extractor  
  17  1:29  Drone  
  18  1:40  Drone  
  19  1:49  Queen x2  
  19  1:52  Drone  
  19  1:53  Drone  
  25  2:01  Overlord  
  25  2:03  Drone  
  26  2:11  Drone x2  
  28  2:24  Metabolic Boost  
  30  2:30  Queen  
  30  2:32  Drone x2  
  32  2:38  Evolution Chamber  
  32  2:42  Overlord  
  32  2:44  Zergling x2  
  32  2:48  Zergling x4  
  34  2:52  Roach Warren  
  34  2:57  Evolution Chamber  
  32  3:00  Zergling x4  
  32  3:04  Zergling x4  
  36  3:08  Zergling x4  
  38  3:14  Zergling x4  
  38  3:15  Zergling x2  
  38  3:17  Zergling x2  
  42  3:26  Zergling x2  
  42  3:27  Zergling x2  
  44  3:35  Overlord  
  44  3:37  Overlord  
  44  3:48  Overlord  
  44  3:54  Drone x5  
  49  3:56  Zergling x2  
  49  4:06  Extractor  
  49  4:07  Zergling x2  
  49  4:08  Zergling x8  
  48  4:20  Hatchery  
  44  4:24  Drone x2  
  44  4:30  Drone  
  44  4:31  Drone x2  
  47  4:39  Drone  
  47  4:40  Drone  
  46  4:46  Drone x2  
  46  4:48  Drone  
  47  4:53  Lair  
  47  4:57  Zergling x4  
  47  4:59  Zergling x2  
  49  5:01  Zergling x2  
  49  5:05  Zergling x4  
  52  5:10  Zergling x4  
  52  5:12  Zergling x4  
  55  5:16  Roach  
  56  5:26  Roach x4  
  53  5:29  Roach  
  53  5:32  Roach  
  53  5:34  Roach  
  58  5:36  Roach  
  58  5:39  Roach  
  58  5:42  Roach  
  59  5:44  Roach  
  59  5:48  Extractor  
  62  5:50  Roach  
  62  5:57  Drone  
  62  6:00  Ravager  
  62  6:02  Drone x3  
  66  6:05  Hatchery  
  66  6:08  Drone  
  66  6:12  Roach  
  68  6:19  Overseer  
  68  6:21  Overlord  
  68  6:25  Overlord  
  68  6:29  Overlord  
  68  6:39  Queen  
  70  6:40  Drone x5  
  70  6:44  Roach  
  70  6:46  Roach  
  78  6:49  Roach  
  78  6:51  Roach  
  82  6:56  Spine Crawler